 Dungeon Crawl Stone Soup version 0.21-a0-273-g0785366 (webtiles) character file.

6927 tilp the Fighter (level 11, -4/97 HPs)
             Began as a Hill Orc Fire Elementalist on Sept 16, 2017.
             Was a Priest of Okawaru.
             Slain by a wraith (9 damage)
             ... on level 9 of the Dungeon on Sept 17, 2017.
             The game lasted 01:01:46 (12745 turns).

tilp the Fighter (Hill Orc Fire Elementalist)      Turns: 12745, Time: 01:01:46

Health: -4/97      AC: 14    Str: 14    XL:     11   Next: 7%
Magic:  23/23      EV: 16    Int: 21    God:    Okawaru [***...]
Gold:   521        SH:  0    Dex: 20    Spells: 10/26 levels left

rFire    . . .     SeeInvis .   a - +2 dagger (drain)
rCold    . . .     Gourm    .   (no shield)
rNeg     . . .     Faith    .   d - +3 leather armour
rPois    .         Spirit   .   C - +2 helmet {Int+3}
rElec    .         Reflect  .   h - +1 cloak
rCorr    .         Harm     .   y - +1 pair of gloves
MR       .....                  (no boots)
Stlth    ++++......             (no amulet)
HPRegen  0.26/turn              f - +5 ring of dexterity
MPRegen  0.18/turn              L - +2 ring of strength

@: heroism, slowed, very slow
A: camouflage 1, agile 2, blurry vision 1
a: Heroism, Renounce Religion


You were on level 9 of the Dungeon.
You worshipped Okawaru.
Okawaru was most pleased with you.
You were not hungry.

You visited 2 branches of the dungeon, and saw 10 of its levels.

You collected 521 gold pieces.

Inventory:

Hand Weapons
 a - a +2 dagger of draining (weapon)
 b - a +0 hunting sling
 w - a +2 whip of electrocution
 z - a +0 war axe
 D - a +1 whip of freezing
 J - a +1 morningstar of crushing
 O - a +2 vampiric dagger
 P - a +4 hand axe of chopping
Missiles
 I - 26 tomahawks (quivered)
 K - 60 sling bullets
 V - 6 javelins
Armour
 d - a +3 leather armour (worn)
 h - a +1 cloak (worn)
 y - a +1 pair of gloves (worn)
 C - a +2 helmet of intelligence (worn)
 S - a +1 scale mail of poison resistance
 U - the -1 hat "Datauqenk" {rC+}
   (You found it on level 9 of the Dungeon)

   It protects you from cold.
 Y - a +0 troll leather armour
Jewellery
 f - a +5 ring of dexterity (left hand)
 m - a +2 ring of intelligence {unknown}
 o - an uncursed ring of protection from cold
 H - an uncursed ring of magical power {unknown}
 L - a +2 ring of strength (right hand)
Wands
 e - a wand of polymorph (15/24)
 x - a wand of digging (13/24)
 M - a wand of confusion (7/48)
 R - a wand of digging (14/24)
 X - a wand of digging (7/24)
 Z - a wand of enslavement (16/24)
Scrolls
 k - 3 scrolls of enchant weapon
 q - a scroll of blinking {unknown}
 r - 4 scrolls of teleportation
 s - 2 scrolls of remove curse
 t - a scroll of fear {unknown}
 u - a scroll of random uselessness {unknown}
 E - a scroll of fog {unknown}
 G - a scroll of torment {unknown}
 T - 2 scrolls of magic mapping
Potions
 g - 4 potions of heal wounds
 l - 9 potions of curing
 p - 3 potions of haste
 v - 2 potions of agility
 A - 2 potions of cancellation
 B - a potion of brilliance {unknown}
 W - a potion of flight {unknown}
Books
 j - a book of Flames

   Spells                             Type                      Level
   a - Flame Tongue                   Conjuration/Fire             1
   b - Throw Flame                    Conjuration/Fire             2
   c - Conjure Flame                  Conjuration/Fire             3
   d - Inner Flame                    Hexes/Fire                   3
   e - Sticky Flame                   Conjuration/Fire             4
   f - Fireball                       Conjuration/Fire             5
 N - a book of Frost

   Spells                             Type                      Level
   a - Freeze                         Ice                          1
   b - Throw Frost                    Conjuration/Ice              2
   c - Ozocubu's Armour               Charms/Ice                   3
   d - Throw Icicle                   Conjuration/Ice              4
   e - Summon Ice Beast               Ice/Summoning                4
 Q - a book of Debilitation

   Spells                             Type                      Level
   a - Corona                         Hexes                        1
   b - Slow                           Hexes                        2
   c - Inner Flame                    Hexes/Fire                   3
   d - Portal Projectile              Hexes/Translocation          3
   e - Cause Fear                     Hexes                        4
   f - Leda's Liquefaction            Hexes/Earth                  4
Comestibles
 c - 10 bread rations
 i - 2 chunks of flesh
 n - 5 royal jellies


   Skills:
 + Level 9.0(14.0) Fighting
 - Level 1.5(6.5) Dodging
 - Level 1.5(6.5) Stealth
 + Level 8.0 Spellcasting
 - Level 7.3 Conjurations
 - Level 8.0 Fire Magic
 + Level 5.8 Invocations


You had 10 spell levels left.
You knew the following spells:

 Your Spells              Type           Power        Failure   Level  Hunger
a - Flame Tongue          Conj/Fire      #####        1%          1    None
b - Throw Flame           Conj/Fire      #####.       1%          2    None
c - Conjure Flame         Conj/Fire      #####...     1%          3    None
d - Sticky Flame          Conj/Fire      #####...     4%          4    ###....
e - Freeze                Ice            #...         10%         1    None
f - Fireball              Conj/Fire      #####.....   12%         5    #####..


Dungeon Overview and Level Annotations

Branches:
Dungeon (9/15)             Temple (1/1) D:7            Lair (0/6) D:9
    Orc: D:9-12

Altars:
Ashenzari
Cheibriados
Dithmenos
Elyvilon
Fedhas
Gozag
Hepliaklqana
Kikubaaqudgha
Makhleb
Nemelex Xobeh
Okawaru
Qazlal
Ru
Sif Muna
Trog
Uskayaw
Vehumet
Wu Jian
Xom
Yredelemnul
Zin
The Shining One

Annotations:
D:2 Sigmund
D:3 1 runed door
D:7 reteaz's ghost, novice GrFi


Innate Abilities, Weirdness & Mutations

Your skin changes colour to match your surroundings (Stealth+).
You are very agile. (Dex +4)
Scrolls take you a little longer to read.


Message History

The wraith is almost destroyed.
The wraith barely misses you. The wraith hits you!
* * * LOW HITPOINT WARNING * * *
You cannot teleport because you are held in place by your roots.
You hit the wraith.
The wraith is almost destroyed.
The wraith hits you but does no damage.
You hit the wraith but do no damage.
The wraith is almost destroyed.
The wraith barely misses you.
You closely miss the wraith.
The wraith is almost destroyed.
You feel less wooden.
Your +1 cloak unmelds from your body.
Your +2 helmet of intelligence unmelds from your body.
Your +1 pair of gloves unmelds from your body.
Your +3 leather armour unmelds from your body.
You feel clever. The wraith hits you!
You die...

.....#...##..# .....'.####..# +.+
.....### #### #.# #. ##'### +.+
.## ...# #.# ..# .### +.+ #.# ##
#.### ##.##### #### ##### +.W.#
#......## ...# #...# #@#
#.....).< ...# #...###'#
#......#)
...#######...#8#.#8######..!...##
...##....'......+..............#
...+..####......#########......#
...#### #......# #......# ...#
#......# #......# #### #####'###
#####.## .# #...# #..)#


You could see a wraith.

Vanquished Creatures
  A two-headed ogre (D:8)
  The ghost of vishdafish the Cudgeler, a novice TrFi (D:8)
  A cyclops (D:9)
  2 trolls
  Prince Ribbit (D:5)
  A wyvern (D:9)
  4 hogs (D:8)
  A human (D:8)
  3 wargs (D:9)
  An orc warrior (D:9)
  2 black bears
  2 sky beasts (D:6)
  An ice beast (D:8)
  2 ogres
  A phantom (D:4)
  A centaur (D:6)
  A big kobold (D:7)
  2 gnoll sergeants
  3 bullfrogs
  3 wyvern zombies
  A wyvern skeleton (D:9)
  2 scorpions
  3 wights (D:8)
  2 crimson imps
  4 hounds
  A jelly (D:5)
  16 orc wizards
  12 orc priests
  An iron imp (D:8)
  A bullfrog skeleton (D:9)
  A centaur skeleton (D:3)
  Jessica (D:2)
  4 iguanas
  6 worker ants
  A killer bee zombie (D:6)
  A hound zombie (D:6)
  A worker ant zombie (D:5)
  12 gnolls
  12 adders
  4 shadow imps
  An ooze (D:1)
  An adder zombie (D:6)
  4 worms
  3 dart slugs
  3 leopard geckos (D:4)
  54 orcs
  8 bats
  4 giant cockroaches
  11 goblins
  4 hobgoblins
  10 jackals
  15 kobolds
  3 quokkas
  A ball python (D:4)
  6 frilled lizards
  A goblin skeleton (D:8)
  2 goblin zombies (D:8)
  2 hobgoblin zombies (D:8)
  A jackal skeleton (D:6)
  2 jackal zombies (D:6)
  A kobold skeleton (D:8)
  2 kobold zombies (D:8)
  A leopard gecko zombie (D:6)
  An orc skeleton (D:8)
  2 orc zombies (D:8)
  6 rats
269 creatures vanquished.

Notes
Turn   | Place    | Note
-------+----------+-------------------------------------------
     0 | D:1      | tilp the Hill Orc Fire Elementalist began the quest for the Orb.
     0 | D:1      | Reached XP level 1. HP: 14/14 MP: 3/3
    28 | D:1      | You fall through a shaft!
   200 | D:1      | Reached XP level 2. HP: 20/20 MP: 0/4
   204 | D:1      | Learned a level 2 spell: Throw Flame
   631 | D:1      | Reached XP level 3. HP: 15/26 MP: 5/5
  1212 | D:2      | Found a blossoming altar of Fedhas.
  1252 | D:2      | Noticed Jessica
  1264 | D:2      | Killed Jessica
  1264 | D:2      | Reached XP level 4. HP: 25/33 MP: 0/7
  1378 | D:2      | Learned a level 3 spell: Conjure Flame
  1573 | D:2      | Noticed Sigmund
  1772 | D:3      | Reached XP level 5. HP: 36/38 MP: 3/8
  2230 | D:3      | Found a runed door.
  2408 | D:4      | Noticed a phantom
  2603 | D:3      | Reached XP level 6. HP: 29/45 MP: 9/9
  2613 | D:3      | Learned a level 4 spell: Sticky Flame
  2874 | D:4      | Reached skill level 5 in Fire Magic
  3631 | D:4      | Reached XP level 7. HP: 50/50 MP: 7/11
  3831 | D:4      | Found a bloodstained altar of Trog.
  4102 | D:4      | Reached skill level 5 in Conjurations
  4526 | D:5      | Entered Level 5 of the Dungeon
  4708 | D:5      | Noticed Prince Ribbit
  4724 | D:5      | Killed Prince Ribbit
  4724 | D:5      | Reached XP level 8. HP: 30/57 MP: 5/14
  5576 | D:5      | Learned a level 1 spell: Freeze
  5775 | D:6      | Found an ancient bone altar of Kikubaaqudgha.
  5801 | D:6      | Gained mutation: You expend magic power (3 MP) to strengthen your wands. [mutagenic meat]
  5802 | D:6      | Gained mutation: You are covered in fur. (AC +1) [mutagenic meat]
  5803 | D:6      | Gained mutation: You have large cloven feet. [mutagenic meat]
  5804 | D:6      | Gained mutation: You are agile. (Dex +2) [mutagenic meat]
  5806 | D:6      | Gained mutation: Your muscles are strong. (Str +2) [mutagenic meat]
  6819 | D:5      | Gained mutation: You tend to lose your temper in combat. [mutagenic glow]
  6852 | D:5      | Lost mutation: Your muscles are strong. (Str +2) [mutagenic glow]
  7027 | D:6      | Reached XP level 9. HP: 29/62 MP: 14/16
  7032 | D:6      | Reached skill level 5 in Spellcasting
  7569 | D:7      | Learned a level 5 spell: Fireball
  7704 | D:7      | Found a staircase to the Ecumenical Temple.
  7710 | Temple   | Entered the Ecumenical Temple
  7758 | Temple   | Became a worshipper of Warmaster Okawaru
  8113 | D:7      | Noticed reteaz's ghost (novice GrFi)
  8269 | D:7      | Reached skill level 1 in Fighting
  8362 | D:7      | Reached skill level 2 in Fighting
  8823 | D:7      | Found a hide-covered altar of Uskayaw.
  9281 | D:8      | Found a glowing golden altar of the Shining One.
  9286 | D:8      | Noticed vishdafish's ghost (novice TrFi)
  9297 | D:8      | Killed vishdafish's ghost
  9297 | D:8      | Reached skill level 4 in Fighting
  9324 | D:8      | Reached skill level 5 in Fighting
  9581 | D:8      | Reached * piety under Okawaru
  9699 | D:8      | Reached XP level 10. HP: 83/83 MP: 17/19
  9829 | D:8      | Reached skill level 6 in Fighting
  9914 | D:8      | Noticed a two-headed ogre
  9926 | D:8      | Killed a two-headed ogre
  9926 | D:8      | Reached ** piety under Okawaru
  9926 | D:8      | Reached skill level 7 in Fighting
 10237 | D:8      | Reached skill level 1 in Invocations
 11262 | D:9      | Lost mutation: You have large cloven feet. [potion of mutation]
 11262 | D:9      | Lost mutation: You tend to lose your temper in combat. [potion of mutation]
 11262 | D:9      | Lost mutation: You are covered in fur. (AC +1) [potion of mutation]
 11262 | D:9      | Lost mutation: You expend magic power (3 MP) to strengthen your wands. [potion of mutation]
 11262 | D:9      | Gained mutation: Scrolls take you a little longer to read. [potion of mutation]
 11262 | D:9      | Gained mutation: Your skin changes colour to match your surroundings (Stealth+). [potion of mutation]
 11262 | D:9      | Gained mutation: You are very agile. (Dex +4) [potion of mutation]
 11604 | D:9      | Reached skill level 8 in Fighting
 11791 | D:9      | Reached *** piety under Okawaru
 12000 | D:9      | Reached skill level 5 in Invocations
 12140 | D:9      | Reached XP level 11. HP: 95/95 MP: 8/22
 12238 | D:9      | Found a staircase to the Lair.
 12257 | D:9      | Got a bloodstained hat
 12268 | D:9      | Identified the -1 hat "Datauqenk" {rC+} (You found it on level 9 of the Dungeon)
 12340 | D:9      | Found Yrghupniphy's Assorted Antiques.
 12345 | D:9      | Noticed a cyclops
 12367 | D:9      | Killed a cyclops
 12367 | D:9      | Reached skill level 9 in Fighting
 12745 | D:9      | Slain by a wraith

Vault maps used:
D:1:      lemuel_arrival_tunnels, minmay_misc_feat_roman
D:2:      lemuel_round_altar, first_bread, uniq_sigmund, uniq_jessica
D:3:      uniq_crazy_yiuf_cottage
D:4:      bloody_trog
D:5:      uniq_prince_ribbit1
D:6:      cheibrodos_fzero, kennysheep_mini_moat, serial_corexii_hall,
          corexii_hall_statues_deadend, corexii_hall_statues_i,
          corexii_hall_statues_i, nrook_mini_backslash
D:7:      lemuel_ice_spiral_2, old_standard_altar, minmay_temple_entry_hall
D:8:      nicolae_tso_besieged_by_evil, grunt_livestock
D:9:      erik_lair_orcish_takeover, serial_shops, shop,
          lemuel_mausoleum_altar_yredelemnul
Temple:   minmay_crystal_spiral_temple

Skill      XL: |  1  2  3  4  5  6  7  8  9 10 11 |
---------------+----------------------------------+-----
Conjurations   | 2 3 4 5 6 7 |  7.3
Spellcasting   | 2 3 4 6 7 8 |  8.0
Fire Magic     | 4 5 6 7 8 |  8.0
Fighting       | 5 8 9 |  9.0
Invocations    | 5 |  5.8
Dodging        | |  1.5
Stealth        | |  1.5

Action                   |  1- 3 |  4- 6 |  7- 9 | 10-12 || total
-------------------------+-------+-------+-------+-------++-------
Melee: Dagger            |    18 |   156 |   321 |   230 ||   725
       Kick              |       |       |    56 |    24 ||    80
       Punch             |       |       |       |     4 ||     4
 Fire: Hunting sling     |     8 |       |    23 |       ||    31
Throw: Tomahawk          |       |       |     2 |       ||     2
 Cast: Flame Tongue      |    35 |    30 |    88 |   107 ||   260
       Throw Flame       |     2 |     9 |    18 |     7 ||    36
       Conjure Flame     |       |     6 |    13 |    13 ||    32
       Sticky Flame      |       |     1 |    16 |    17 ||    34
       Freeze            |       |       |    18 |       ||    18
Invok: Heroism           |       |       |     1 |     5 ||     6
Evoke: Wand              |       |       |     1 |     1 ||     2
  Use: Potion            |       |     1 |     1 |     2 ||     4
       Scroll            |       |       |     9 |     8 ||    17
 Stab: Sleeping          |     1 |     4 |     2 |     1 ||     8
  Eat: Chunk             |     2 |     9 |    23 |     8 ||    42
       Royal jelly       |       |       |     1 |       ||     1
       Meat ration       |       |       |     1 |     1 ||     2
Armor: Robe              |     3 |    52 |   106 |    16 ||   177
       Skin              |       |       |    27 |    30 ||    57
       Leather armour    |       |       |       |    44 ||    44
Dodge: Dodged            |    17 |    87 |   160 |   124 ||   388
Block: Shield            |       |       |    34 |       ||    34

Table legend:
 A = Spawn XP
 B = Non-spawn XP
 C = Spawn XP percentage of total XP
 D = Spawn monster count
 E = Non-spawn monster count
 F = Spawn count percentage of total count
 G = Total turns spent on level
                    A         B        C        D         E        F      G
               +---------+---------+-------+---------+---------+-------+---------
         Total |       0 |    9897 |   0.0 |       0 |     269 |   0.0 | 12745
               +---------+---------+-------+---------+---------+-------+---------
           D:1 |       0 |      39 |   0.0 |       0 |      22 |   0.0 |  1011
           D:2 |       0 |      84 |   0.0 |       0 |      13 |   0.0 |   575
           D:3 |       0 |     159 |   0.0 |       0 |      28 |   0.0 |  1132
           D:4 |       0 |     750 |   0.0 |       0 |      37 |   0.0 |  1808
           D:5 |       0 |     592 |   0.0 |       0 |      21 |   0.0 |  1332
           D:6 |       0 |    1203 |   0.0 |       0 |      33 |   0.0 |  1745
           D:7 |       0 |     399 |   0.0 |       0 |      17 |   0.0 |  1546
           D:8 |       0 |    4138 |   0.0 |       0 |      68 |   0.0 |  2006
           D:9 |       0 |    2533 |   0.0 |       0 |      30 |   0.0 |  1419
               +---------+---------+-------+---------+---------+-------+---------
